 Dungeon Crawl Stone Soup version 0.29.1-2-gbd0b4ee654 (webtiles) character file.

Game seed: 8803664333116416664

1367 xian the Insei (level 8, -14/54 HPs)
             Began as a Demonspawn Transmuter on Nov 8, 2022.
             Was an Initiate of Wu Jian.
             Demolished by an orc warrior
             ... wielding a +0 battleaxe
              (18 damage)
             ... on level 5 of the Dungeon.
             The game lasted 00:13:21 (5741 turns).

xian the Insei (Demonspawn Transmuter)              Turns: 5741, Time: 00:13:22

Health: -14/54     AC:  4    Str: 13    XL:     8   Next: 38%
Magic:  13/15      EV: 16    Int: 14    God:    Wu Jian [......]
Gold:   127        SH:  0    Dex: 14    Spells: 14/17 levels left

rFire   . . .      SeeInvis .     - Unarmed
rCold   . . .      Faith    .   (no shield)
rNeg    . . .      Spirit   .   d - +0 leather armour
rPois   .          Reflect  .   (helmet currently unavailable)
rElec   .          Harm     .   (cloak unavailable)
rCorr   .          Rampage  .   o - +0 pair of gloves
Will    .....                   (boots currently unavailable)
Stlth   ++........              (no amulet)
HPRegen 0.18/turn               h - +4 ring of slaying
MPRegen 0.14/turn               u - +4 ring of evasion

@: appendages, wereblooded
A: horns 2, talons 2, powered by death 1, spiny 1, weakness stinger 3
a: End Transformation, Renounce Religion


You were on level 5 of the Dungeon.
You worshipped Wu Jian.
Wu Jian was noncommittal.
You had temporarily grown beastly horns and talons.
You visited 2 branches of the dungeon, and saw 6 of its levels.

You collected 192 gold pieces.
You spent 65 gold pieces at shops.

Inventory:

Hand Weapons
 r - the +6 dagger of Mastery {flame, rN+}
   (You took it off a gnoll on level 2 of the Dungeon)

   It burns those it strikes, dealing additional fire damage.
   rN:        It protects you from negative energy.
Missiles
 i - a throwing net
 j - 3 poisoned darts
Armour
 d - a +0 leather armour (worn)
 m - a +0 pair of boots (melded)
 o - a +0 pair of gloves (worn)
 s - a +0 plate armour
Jewellery
 h - a +4 ring of slaying (left hand)
 u - a +4 ring of evasion (right hand)
 v - a ring of magical power
Wands
 l - a wand of flame (20)
 A - a wand of mindburst (15)
Scrolls
 a - 3 scrolls of amnesia {unknown}
 e - a scroll of vulnerability {unknown}
 g - 3 scrolls of teleportation
 n - a scroll of fear
 p - a scroll of immolation
 q - 3 scrolls of magic mapping {unknown}
 t - 2 scrolls of blinking {unknown}
 y - a scroll of butterflies
 D - a scroll of brand weapon {unknown}
Potions
 b - 2 potions of lignification
 c - a potion of degeneration {unknown}
 f - 3 potions of attraction {unknown}
 k - a potion of ambrosia {unknown}
 w - 4 potions of curing {unknown}
 x - a potion of mutation {unknown}
 z - a potion of brilliance {unknown}
 B - 2 potions of haste {unknown}
 C - a potion of cancellation {unknown}
 E - 3 potions of magic {unknown}


   Skills:
 + Level 1.4 Fighting
 + Level 2.5 Armour
 + Level 2.8 Dodging
 + Level 1.4 Stealth
 * Level 6.5 Unarmed Combat
 + Level 5.2 Spellcasting
 + Level 3.9 Transmutations


You had 14 spell levels left.
You knew the following spells:

 Your Spells              Type           Power      Damage    Failure   Level
a - Beastly Appendage     Tmut           28%        N/A       4%          1
b - Wereblood             Tmut           14%        N/A       7%          2

Your spell library contained the following spells:

 Spells                   Type           Power      Damage    Failure   Level
 Slow                     Hex            12%        N/A       22%         1
 Spider Form              Tmut/Pois      9%         N/A       28%         3
 Ignite Poison            Fire/Tmut/Pois 7%         N/A       36%         3
 Confusing Touch          Hex            3%         N/A       54%         3
 Mephitic Cloud           Conj/Pois/Air  3%         N/A       54%         3
 Summon Guardian Golem    Hex/Summ       3%         N/A       54%         3
 Vampiric Draining        Necr           3%         2d6       54%         3
 Ice Form                 Ice/Tmut       9%         N/A       67%         4
 Yara's Violent Unravell  Hex/Tmut       4%         3d4       95%         5
 Freezing Cloud           Conj/Ice/Air   1%         6-21      99%         5
 Enfeeble                 Hex            1%         N/A       100%        7
 Orb of Destruction       Conj           1%         9d5       100%        7
 Spellforged Servitor     Conj/Summ      1%         N/A       100%        7


Dungeon Overview and Level Annotations

Branches:
Dungeon (5/15)             Temple (1/1) D:4

Altars:
Fedhas
Hepliaklqana
Makhleb
Nemelex Xobeh
Ru
Sif Muna
Trog
Wu Jian

Shops:
D:3 ?


Innate Abilities, Weirdness & Mutations

You have temporarily grown beastly horns and talons.
You regenerate a little health from kills.
You are partially covered in sharp spines.
You have a sharp stinger which inflicts weakening toxins.


Message History

An orc priest comes into view. It is wielding a +0 war axe.
The orc shouts!
You grow a pair of large bovine horns.
Your feet morph into talons.
Your +0 pair of boots melds into your body.
Casting: Beastly Appendage (safe; 4% risk of failure)
Confirm with . or Enter, or press ? or * to list all spells.
Your blood is infused with primal strength.
The orc warrior hits you with a +0 battleaxe!
Unknown command.
You hit the orc warrior but do no damage.
You claw the orc warrior.
You tail-slap the orc warrior, but do no damage.
Your punch misses the orc warrior.
The orc warrior is lightly wounded.
The orc warrior barely misses you.
Unknown command.
You closely miss the orc warrior. Your punch misses the orc warrior.
The orc warrior is lightly wounded.
Unknown command.
You punch the orc!
You feel a bit better.
You kill the orc!
The Council accepts your kill.
The orc warrior hits you with a +0 battleaxe!!
The orc wizard mumbles some strange words.
The orc wizard flickers and vanishes!
Deactivating autopickup; reactivate with Ctrl-A.
You hit the orc warrior.
You claw the orc warrior, but do no damage.
The orc warrior is lightly wounded.
The orc warrior misses you.
You hit the orc warrior. Your kick misses the orc warrior.
The orc warrior is moderately wounded.
The orc warrior hits you with a +0 battleaxe!!
* * * LOW HITPOINT WARNING * * *
Unknown command.
You punch the orc warrior! Your kick misses the orc warrior.
Your tail-slap misses the orc warrior.
The orc warrior is severely wounded.
The orc warrior hits you with a +0 battleaxe!!
You die...

####
#...)))).###..#
#########)#.###
#### ##.## ..#
#.# #.# #.#
######.####.#
###...........#
.......#)######
....<..#@#
...o...#o#
.o.o..>..#
...o...###
....... .......
....### ####


You could see an orc warrior.

Vanquished Creatures
  Eustachio (D:4)
  An ice beast (D:5)
  An ogre (D:3)
  2 phantoms (D:5)
  3 scorpions
  A water moccasin zombie (D:5)
  A wyvern skeleton (D:5)
  2 howler monkeys
  2 jellies (D:5)
  A hound (D:4)
  2 iguanas (D:4)
  2 orc wizards (D:5)
  A scorpion zombie (D:5)
  A killer bee zombie (D:5)
  3 howler monkey zombies (D:5)
  9 gnolls
  6 adders
  4 worms
  13 orcs
  3 endoplasms
  5 giant cockroaches
  10 goblins
  6 hobgoblins
  11 jackals
  7 quokkas
  10 ball pythons
  5 bats
  6 frilled lizards
  4 kobolds
  5 rats
128 creatures vanquished.

Vanquished Creatures (others)
  4 withered plants (D:5)
4 creatures vanquished.

Grand Total: 132 creatures vanquished

Notes
Turn   | Place    | Note
-------+----------+-------------------------------------------
     0 | D:1      | xian the Demonspawn Transmuter began the quest for the Orb.
     0 | D:1      | Reached XP level 1. HP: 15/15 MP: 3/3
   234 | D:1      | Gained mutation: You have a small tail. [demonic ancestry]
   234 | D:1      | Reached XP level 2. HP: 16/21 MP: 5/5
   642 | D:1      | Learned a level 2 spell: Wereblood
   909 | D:1      | Reached skill level 3 in Unarmed Combat
   933 | D:1      | Found a faded altar of an unknown god.
  1087 | D:2      | Reached XP level 3. HP: 22/26 MP: 4/6
  1477 | D:2      | Gained mutation: You have a tail ending in a sharp stinger.
                  | [demonic ancestry]
  1477 | D:2      | Reached XP level 4. HP: 27/32 MP: 5/7
  1724 | D:2      | Identified the +6 dagger of Mastery {flame, rN+}
  2310 | D:3      | Reached skill level 4 in Unarmed Combat
  2605 | D:3      | Reached skill level 1 in Armour
  2605 | D:3      | Gained mutation: You are partially covered in sharp spines.
                  | [demonic ancestry]
  2605 | D:3      | Reached XP level 5. HP: 34/37 MP: 4/9
  2882 | D:3      | Noticed an ogre
  2887 | D:3      | Killed an ogre
  3021 | D:3      | Gained mutation: You regenerate a little health from kills.
                  | [demonic ancestry]
  3021 | D:3      | Reached XP level 6. HP: 43/43 MP: 8/10
  3170 | D:3      | Found Novoacir's Magic Scroll Shop.
  3178 | D:3      | Bought a scroll of teleportation for 39 gold pieces
  3178 | D:3      | Bought a scroll of identify for 26 gold pieces
  4007 | D:4      | Reached skill level 5 in Unarmed Combat
  4041 | D:4      | Noticed Eustachio
  4054 | D:4      | Killed Eustachio
  4055 | D:4      | Reached XP level 7. HP: 39/48 MP: 9/12
  4705 | D:4      | Found a staircase to the Ecumenical Temple.
  4710 | Temple   | Entered the Ecumenical Temple
  4755 | Temple   | Became a worshipper of the Wu Jian Council
  5175 | D:5      | Entered Level 5 of the Dungeon
  5351 | D:5      | Reached skill level 1 in Stealth
  5362 | D:5      | Reached skill level 6 in Unarmed Combat
  5362 | D:5      | Gained mutation: You have a sharp stinger which inflicts
                  | weakening toxins. [demonic ancestry]
  5362 | D:5      | Reached XP level 8. HP: 36/54 MP: 10/14
  5458 | D:5      | Reached skill level 5 in Spellcasting
  5741 | D:5      | Demolished by an orc warrior

Illustrated notes

Levels and vault maps discovered:
D:1:      roderic_octagonal_star, layout_loops_cross,
          ebering_ecumenical_altar_mist
D:2:      wander_river, layout_basic, minmay_heptomino_d4
D:3:      minmay_octagon_keep, layout_basic, serial_shops, nicolae_shop_stone
D:4:      layout_layer_cave, temple_doors_e, grunt_decor_resistance,
          kennysheep_small_square, uniq_eustachio
D:5:      layout_loops_ring, serial_undead, serial_undead_a, serial_undead_f,
          serial_undead_d, serial_undead_c
Temple:   minmay_temple_bridge_abc

Skill      XL: |  1  2  3  4  5  6  7  8 |
---------------+-------------------------+-----
Transmutations | 2 3 |  3.9
Unarmed Combat | 3 4 5 6 |  6.5
Dodging        | 2 |  2.8
Armour         | 1 2 |  2.5
Spellcasting   | 3 4 5 |  5.2
Stealth        | 1 |  1.4
Fighting       | |  1.4

Action                   |  1- 3 |  4- 6 |  7- 9 || total
-------------------------+-------+-------+-------++-------
Melee: Unarmed           |    84 |   104 |    78 ||   266
       Kick              |    16 |    29 |    20 ||    65
       Headbutt          |     8 |    11 |     8 ||    27
       Punch             |     1 |     1 |     2 ||     4
       Tailslap          |     2 |     6 |     5 ||    13
 Cast: Beastly Appendage |    16 |    25 |    16 ||    57
       Wereblood         |     1 |    11 |     6 ||    18
Invok: Lunge             |       |       |     8 ||     8
  Use: Scroll            |       |     2 |     1 ||     3
 Stab: Sleeping          |     1 |       |     2 ||     3
Armor: Leather armour    |    22 |    25 |     5 ||    52
       Robe              |     2 |       |       ||     2
Dodge: Dodged            |    67 |    91 |    32 ||   190
